 Dungeon Crawl Stone Soup version 0.27.0-1-g7a08968 (webtiles) character file.

Game seed: 9321732652245719001

1833 bonscott the Vandal (level 8, -2/50 HPs)
             Began as a Vampire Hunter on Aug 14, 2021.
             Was an Initiate of Makhleb.
             Slain by a steam dragon (3 damage)
             ... on level 6 of the Dungeon.
             The game lasted 01:00:16 (9242 turns).

bonscott the Vandal (Vampire Hunter)                Turns: 9242, Time: 01:00:17

Health: -2/50      AC: 12    Str: 15 (17) XL:     8   Next: 86%
Magic:  17/17      EV: 11    Int: 11 (13) God:    Makhleb [......]
Gold:   310        SH:  0    Dex: 12 (13) Spells: 7/7 levels left

rFire    . . .     SeeInvis +   c - +2 battleaxe (vorpal)
rCold    + + +     Faith    .   (shield currently unavailable)
rNeg     + + +     Spirit   .   h - +1 ring mail
rPois    ∞         Reflect  .   e - +0 helmet
rElec    .         Harm     .   (no cloak)
rCorr    +         Rampage  .   (no gloves)
Will     .....                  (no boots)
Stlth    +++.......             (no amulet)
HPRegen  0.00/turn              z - ring "Gitirch" {rC+ rCorr MP+9 Str+4 Dex-2}
MPRegen  0.15/turn              A - +4 ring of protection

@: flying, bloodless, inhibited regen
A: bloodless, fangs 3, see invisible, vampiric 2
a: Bat Form, Revivify, Renounce Religion


You were on level 6 of the Dungeon.
You worshipped Makhleb.
Makhleb was noncommittal.
You visited 2 branches of the dungeon, and saw 8 of its levels.

You collected 310 gold pieces.

Inventory:

Hand Weapons
 a - a +1 hunting sling
 b - a +2 dagger of venom
 c - a +2 vorpal battleaxe (weapon)
 t - a +3 antimagic hand axe
 w - a +2 mace of protection
 y - a +0 war axe
 B - a +0 rapier of speed
Missiles
 n - 25 bolts
 C - 2 poisoned darts
 E - 2 boomerangs of dispersal
 F - 194 stones (quivered)
 G - 4 boomerangs
 I - 8 sling bullets
 K - 2 throwing nets
 O - 8 atropa-tipped darts
Armour
 d - a +0 robe of willpower
 e - a +0 helmet (worn)
 h - a +1 ring mail (worn)
 m - a +0 tower shield
 u - a +0 kite shield
Jewellery
 v - a ring of ice
 z - the ring "Gitirch" (left hand) {rC+ rCorr MP+9 Str+4 Dex-2}
   (You found it on level 4 of the Dungeon)

   [ring of resist corrosion]

   Str:       It affects your strength (+4).
   Dex:       It affects your dexterity (-2).
   rC:        It protects you from cold.
   MP:        It affects your magic capacity (+9).
   rCorr:     It protects you from acid and corrosion.
 A - a +4 ring of protection (right hand)
 N - a +6 ring of intelligence
Wands
 r - a wand of flame (22)
Scrolls
 i - 2 scrolls of enchant armour
 x - a scroll of fear {unknown}
 H - a scroll of blinking {unknown}
 L - a scroll of enchant weapon {unknown}
 M - a scroll of brand weapon {unknown}
Potions
 f - a potion of invisibility {unknown}
 g - 3 potions of degeneration
 j - a potion of heal wounds {unknown}
 k - 2 potions of flight
 l - a potion of mutation {unknown}
 o - a potion of curing {unknown}
 p - a potion of attraction {unknown}
 q - 2 potions of lignification {unknown}
 s - a potion of cancellation {unknown}
 D - a potion of haste
 J - 2 potions of berserk rage {unknown}


   Skills:
 + Level 5.4 Fighting
 + Level 4.5 Axes
 + Level 6.3 Slings
 + Level 4.4 Armour
 - Level 2.1 Dodging
 - Level 1.5 Stealth


You had 7 spell levels left.
You didn't know any spells.
Your spell library contained the following spells:

 Spells                   Type           Power      Damage    Failure   Level
 Conjure Flame            Conj/Fire      0%         6-21      89%         3
 Ignite Poison            Fire/Tmut/Pois 0%         N/A       89%         3
 Mephitic Cloud           Conj/Pois/Air  0%         N/A       89%         3
 Sticky Flame             Conj/Fire      0%         2d3       100%        4
 Bolt of Magma            Conj/Fire/Erth 0%         4d4       100%        5


Dungeon Overview and Level Annotations

Branches:
Dungeon (7/15)             Temple (1/1) D:6

Altars:
Ashenzari
Cheibriados
Dithmenos
Elyvilon
Fedhas
Gozag
Hepliaklqana
Makhleb
Nemelex Xobeh
Okawaru
Qazlal
Ru
Trog
Uskayaw
Vehumet
Wu Jian
Xom
Zin
The Shining One

Shops:
D:3 =

Annotations:
D:4 3 runed translucent doors, Edmund; spindart's ghost, amateur DsFi


Innate Abilities, Weirdness & Mutations

You do not regenerate when monsters are visible.
You are frail without blood (-20% HP).
You can heal yourself when you bite living creatures.
You are immune to poison.
You have razor-sharp teeth.
You have supernaturally acute eyesight. (SInv)
You are afflicted with vampirism and can become a bat while bloodless.


Message History

You kill the kobold!
Makhleb accepts your kill.
Fire: 9 sling bullets
Press: ? - help, Shift-Dir - straight line, f/p - steam dragon
Aim: a steam dragon (moderately wounded, poisoned, 64% to hit)
You shoot a sling bullet.
The sling bullet barely misses the steam dragon.
There is a stone staircase leading up here.
The steam dragon looks more healthy.
The steam dragon bites you! The steam dragon barely misses you.
You climb upwards.
There is a stone staircase leading down here.
c - a +2 vorpal battleaxe (weapon)
You hit the steam dragon but do no damage.
Your bite misses the steam dragon.
The steam dragon is moderately wounded.
The steam dragon breathes steam at you. The ball of steam hits you.
The steam dragon breathes steam at you. The ball of steam hits you!
* * * LOW HITPOINT WARNING * * *
The steam dragon closely misses you. x2
You closely miss the steam dragon.
The steam dragon is moderately wounded.
You are engulfed in a cloud of scalding steam.
* * * LOW HITPOINT WARNING * * *
The steam dragon bites you.
* * * LOW HITPOINT WARNING * * *
The steam dragon claws you but does no damage.
It was a potion of degeneration.
There was something very wrong with that liquid.
You feel weakened.
You feel dopey.
You feel clumsy. The steam dragon bites you.
* * * LOW HITPOINT WARNING * * *
The steam dragon claws you.
* * * LOW HITPOINT WARNING * * *
It was a potion of flight.
You feel very buoyant.
You fly up into the air.
The steam dragon bites you.
You die...

###.........####.......#
..+.........'..#.8...8)#
###.........####.......#
# ##.......## ##.......#
# ##.....## #..#.....# #
##...## #.##.#..## #
##'## #.##.#.## # #.#
#####>##.#.# #
#.###...#D@....# #
##.##.....###.###
######...#.........#
...............#####
.#####...##...## .#
##.####### .# #.# ## #.#
#.#


You could see a steam dragon.

Vanquished Creatures
  Duvessa (D:4)
  An orc warrior (D:7)
  A black bear (D:6)
  A necrophage (D:6)
  Blork the orc (D:6)
  A wyvern zombie (D:6)
  5 scorpions
  Dowan (D:4)
  A howler monkey (D:7)
  A bullfrog zombie (D:6)
  2 hounds
  3 orc priests
  A bullfrog skeleton (D:7)
  4 iguanas
  Natasha (thrice) (D:3)
  9 orc wizards
  A hound skeleton (D:4)
  14 adders
  4 gnolls
  A howler monkey skeleton (D:6)
  A shadow imp (D:7)
  An ufetubus (D:5)
  An adder zombie (D:5)
  A worm (D:2)
  10 dart slugs
  14 orcs
  12 ball pythons
  8 endoplasms
  4 giant cockroaches
  11 goblins
  5 hobgoblins
  3 jackals (D:2)
  3 quokkas
  12 bats
  13 kobolds
  2 rats
157 creatures vanquished.

Notes
Turn   | Place    | Note
-------+----------+-------------------------------------------
     0 | D:1      | bonscott the Vampire Hunter began the quest for the Orb.
     0 | D:1      | Reached XP level 1. HP: 16/16 MP: 1/1
    88 | D:1      | Reached XP level 2. HP: 20/22 MP: 2/2
   297 | D:1      | Found a faded altar of an unknown god.
   404 | D:1      | Reached skill level 4 in Slings
   575 | D:1      | Gained mutation: You are afflicted with vampirism and can
                  | become a bat while bloodless. [Vampire growth]
   575 | D:1      | Reached XP level 3. HP: 27/27 MP: 3/3
  1411 | D:2      | Reached XP level 4. HP: 33/33 MP: 4/4
  1541 | D:2      | Reached skill level 5 in Slings
  1631 | D:2      | Reached skill level 1 in Armour
  1662 | D:2      | Reached XP level 5. HP: 27/30 MP: 5/5
  2799 | D:3      | Found Fuithrus's Jewellery Boutique.
  3329 | D:4      | Noticed Natasha
  3386 | D:4      | Reached XP level 6. HP: 25/36 MP: 6/6
  3861 | D:3      | Killed Natasha
  4379 | D:4      | Identified the ring "Gitirch" {rC+ rCorr MP+9 Str+4 Dex-2}
  4506 | D:4      | Found a runed translucent gate.
  4512 | D:4      | Found a runed translucent gate.
  4512 | D:4      | Found a runed translucent gate.
  4512 | D:4      | Noticed spindart's ghost (amateur DsFi)
  4570 | D:4      | Noticed Dowan
  4592 | D:4      | Killed Dowan
  4593 | D:4      | Noticed Duvessa
  4706 | D:4      | Killed Duvessa
  4707 | D:4      | Reached XP level 7. HP: 22/43 MP: 7/7
  4891 | D:4      | Noticed Edmund
  5072 | D:3      | Noticed Natasha
  5081 | D:3      | Killed Natasha
  5097 | D:3      | Noticed Natasha
  5108 | D:3      | Killed Natasha
  5182 | D:5      | Entered Level 5 of the Dungeon
  5305 | D:5      | Reached skill level 6 in Slings
  5503 | D:5      | Reached skill level 1 in Axes
  6312 | D:5      | Reached XP level 8. HP: 46/48 MP: 8/8
  6605 | D:5      | Identified a scroll of acquirement
  6605 | D:5      | Acquired a +2 vorpal battleaxe
  6938 | D:6      | Found a staircase to the Ecumenical Temple.
  6950 | Temple   | Entered the Ecumenical Temple
  6996 | Temple   | Became a worshipper of Makhleb the Destroyer
  7462 | D:6      | Reached skill level 5 in Fighting
  7510 | D:6      | Found a hazy altar of Hepliaklqana.
  7579 | D:6      | Noticed Blork the orc
  8173 | D:6      | Killed Blork the orc
  9241 | D:6      | HP: 2/50 [steam dragon (2)]
  9242 | D:6      | Slain by a steam dragon

Illustrated notes

Levels and vault maps discovered:
D:1:      lemuel_arrival_funnel, layout_basic, chequers_ecumenical_altar_simple
D:2:      layout_loops_corners, minmay_snake_closets
D:3:      layout_rooms, serial_shops, shop, minmay_misc_feat_iff
D:4:      layout_loops_cross, gammafunk_ghost_split, uniq_edmund, uniq_natasha,
          uniq_duvessa
D:5:      kennysheep_slugbush, layout_basic, minmay_a_box_with_orc_wizards_in_it
D:6:      layout_loops_corners, kennysheep_little_box, temple_hall,
          uniq_blork_the_orc
D:7:      layout_layer_cave, minmay_misc_feat_pillars
Temple:   compressed_dpeg_circular_temple

Skill      XL: |  1  2  3  4  5  6  7  8 |
---------------+-------------------------+-----
Slings         | 4 5 6 |  6.3
Armour         | 1 3 4 |  4.4
Fighting       | 2 4 5 |  5.4
Axes           | 3 4 |  4.5
Dodging        | |  2.1
Stealth        | |  1.5

Action                   |  1- 3 |  4- 6 |  7- 9 || total
-------------------------+-------+-------+-------++-------
Melee: Short sword       |    20 |     7 |       ||    27
       Bite              |     1 |     5 |    12 ||    18
       Dagger            |       |    16 |    26 ||    42
       Mace              |       |     5 |       ||     5
       Battleaxe         |       |       |    53 ||    53
       Hand axe          |       |       |     1 ||     1
 Fire: Hunting sling     |    92 |   182 |   165 ||   439
Throw: Dart              |       |     8 |    26 ||    34
       Stone             |       |     1 |     2 ||     3
       Boomerang         |       |       |     9 ||     9
       Throwing net      |       |       |     1 ||     1
 Abil: Exsanguinate      |       |     1 |       ||     1
Evoke: Wand              |       |       |     1 ||     1
  Use: Scroll            |       |     3 |     7 ||    10
       Potion            |       |       |     2 ||     2
 Stab: Sleeping          |     1 |       |       ||     1
Armor: Leather armour    |    11 |     6 |       ||    17
       Ring mail         |       |    21 |    46 ||    67
       Robe              |       |       |    13 ||    13
Dodge: Dodged            |    39 |    62 |    69 ||   170
